 Dungeon Crawl Stone Soup version 0.24.0-29-g8ce449bc06 (webtiles) character file.

Game seed: 1445249301986043978, levelgen mode: deterministic

47482 Flugslaktarn the Severer (level 14, -2/127 HPs)
             Began as a Minotaur Fighter on Nov 16, 2019.
             Was the Champion of Makhleb.
             Slain by an entropy weaver (13 damage)
             ... on level 5 of the Lair of Beasts.
             The game lasted 00:09:40 (14121 turns).

Flugslaktarn the Severer (Minotaur Fighter)        Turns: 14121, Time: 00:09:41

Health: -2/127     AC:  2    Str: 30    XL:     14   Next: 8%
Magic:  20/20      EV:  5    Int:  5    God:    Makhleb [******]
Gold:   693        SH: 20    Dex: 14    Spells: 13/13 levels left

rFire    . . .     SeeInvis .   a - +8 broad axe (vamp)
rCold    . . .     Gourm    .   l - +0 large shield
rNeg     . . .     Faith    .   x - +0 plate armour of Uskayaw's Generosity {Dex+4} (curse)
rPois    +         Spirit   .   E - +2 hat {MR+}
rElec    .         Reflect  .   G - +0 cloak
rCorr    .         Harm     .   z - +2 pair of gloves
MR       ++...                  (no boots)
Stlth    ..........             (no amulet)
HPRegen  0.31/turn              H - +4 ring of strength
MPRegen  0.17/turn              k - ring of poison resistance

@: lethally poisoned (-2 -> -28), about to teleport, marked, corroded
A: retaliatory headbutt, horns 2
a: Minor Destruction, Lesser Servant of Makhleb, Major Destruction, Greater
Servant of Makhleb, Renounce Religion


You were on level 5 of the Lair of Beasts.
You worshipped Makhleb.
Makhleb was exalted by your worship.
You were not hungry.

You visited 2 branches of the dungeon, and saw 16 of its levels.

You collected 953 gold pieces.
You spent 260 gold pieces at shops.

Inventory:

Hand Weapons
 a - a +8 vampiric broad axe (weapon)
   (You found it on level 11 of the Dungeon)
 b - a +1 hand axe of flaming
   (You took it off an orc priest on level 5 of the Dungeon)
Armour
 l - a +0 large shield (worn)
   (You found it on level 3 of the Dungeon)
 x - the cursed +0 plate armour of Uskayaw's Generosity (worn) {Dex+4}
   (You found it on level 10 of the Dungeon)

   It affects your dexterity (+4).
   It has a curse placed upon it.
 z - a +2 pair of gloves (worn)
   (You found it on level 2 of the Dungeon)
 E - a +2 hat of magic resistance (worn)
   (You took it off Gastronok on level 10 of the Dungeon)
 G - a +0 cloak (worn)
   (You took it off Maurice on level 8 of the Dungeon)
Jewellery
 f - an uncursed ring of protection from fire
   (You found it on level 7 of the Dungeon)
 k - a ring of poison resistance (right hand)
   (You found it on level 4 of the Dungeon)
 m - an uncursed ring of protection from magic
   (You took it off a kobold on level 3 of the Dungeon)
 v - an uncursed ring of flight
   (You found it on level 4 of the Dungeon)
 H - a +4 ring of strength (left hand)
   (You found it on level 1 of the Dungeon)
 I - the ring of Fiotul {*Slow rPois rC+ Str+4 Dex+2, unknown}
   (You found it on level 4 of the Lair of Beasts)

   [ring of protection from cold]

   It affects your strength (+4).
   It affects your dexterity (+2).
   It protects you from cold.
   It protects you from poison.
   It may slow you when you take damage.
Wands
 u - a wand of iceblast (1)
   (You found it on level 7 of the Dungeon)
 D - a wand of acid (15)
   (You found it on level 7 of the Dungeon)
Scrolls
 g - 4 scrolls of immolation
 o - 4 scrolls of fog
 r - 4 scrolls of identify
 t - a scroll of teleportation
 w - 5 scrolls of remove curse
 y - a scroll of blinking {unknown}
 A - a scroll of enchant armour
 C - 2 scrolls of fear
 F - a scroll of vulnerability
 J - a scroll of magic mapping
 L - a scroll of summoning {unknown}
Potions
 d - 4 potions of might
 h - 2 potions of haste
 i - 6 potions of lignification
 j - 4 potions of flight
 n - 2 potions of resistance
 p - 4 potions of heal wounds
 q - 5 potions of curing
 s - a potion of berserk rage
 B - a potion of mutation
 K - a potion of magic
 M - 2 potions of ambrosia
Comestibles
 c - 7 chunks of flesh
 e - 23 rations


   Skills:
 + Level 12.3 Fighting
 * Level 16.1 Axes
 + Level 12.4 Armour
 + Level 12.3 Shields
 + Level 9.4 Invocations
 - Level 5.1 Evocations


You had 13 spell levels left.
You didn't know any spells.
Your spell library was empty.

Dungeon Overview and Level Annotations

Branches:
Dungeon (11/15)            Temple (0/1) D:4            Lair (5/6) D:11
 Shoals (0/4) Lair:4        Snake (0/4) Lair:2        Slime (0/5) Lair:5
    Orc: D:9-12

Altars:
Dithmenos
Elyvilon
Kikubaaqudgha
Makhleb
Sif Muna
Uskayaw
Xom
Jiyva

Shops:
D:7 =

Annotations:
D:6 2 transporters
Lair:4 exclusion: oklob plant


Innate Abilities, Weirdness & Mutations

You reflexively headbutt those who attack you in melee.
You have a pair of horns on your head.


Message History

A worker ant comes into view.
You feel sick. You block the worker ant's attack. x2
You block the entropy weaver's attack. The entropy weaver hits you.
The entropy weaver hits you! You block the entropy weaver's attack.
The worker ant bites you.
* * * LOW HITPOINT WARNING * * *
The soldier ant stings you.
* * * LOW HITPOINT WARNING * * *
The soldier ant barely misses you. The soldier ant stings you!
* * * LOW HITPOINT WARNING * * *
The worker ant bites you!
* * * LOW HITPOINT WARNING * * *
The entropy weaver hits you.
* * * LOW HITPOINT WARNING * * *
The entropy weaver hits you.
* * * LOW HITPOINT WARNING * * *
The entropy weaver hits you.
* * * LOW HITPOINT WARNING * * *
The entropy weaver hits you!
You die...

..### #..
###.รท....<.......
#..............
##aa?..........
####.............<
#.#a.a....#..#....
##.a.a.P....##.####
##.aaPP.P.....###
######.aaa#......#.##
.......a@a....P##.#.#
.......aaa.........## ###
........aa..#.P....## #..
..PP......P..P.)..^.####.
..###..!..))..........#..
. #.......###P#........
#........#####..#....
#.#.....## ########
##....#


You could see 2 entropy weavers, 6 soldier ants and 10 worker ants.

Vanquished Creatures
  Rupert (Lair:3)
  Gastronok (D:10)
  A hydra (Lair:4)
  Erica (D:8)
  The ghost of Ihuclug the Basher, a journeyman GrFi of the Shining One (D:11)
  A queen ant (Lair:5)
  5 death yaks (Lair:5)
  An unseen horror (D:11)
  5 elephants
  A centaur zombie (D:11)
  Maurice (D:8)
  Psyche (D:8)
  5 black mambas
  A gargoyle (D:11)
  10 spiny frogs
  A kobold demonologist (D:11)
  2 komodo dragons
  2 rime drakes (Lair:2)
  A queen bee (Lair:2)
  3 meliai (Lair:5)
  A troll (D:11)
  2 polar bears
  Grinder (D:6)
  12 blink frogs
  4 dream sheep (Lair:5)
  11 hippogriffs
  4 wyverns
  2 spriggans (Lair:4)
  A shadow (D:11)
  A wraith (D:11)
  49 yaks
  Grum (Lair:1)
  A hungry ghost (D:11)
  A steam dragon (D:11)
  6 basilisks
  3 nagas (Lair:2)
  10 soldier ants (Lair:5)
  11 water moccasins
  10 porcupines
  3 orc warriors
  3 black bears
  6 ice beasts
  5 sky beasts
  An eye of draining (D:8)
  4 ogres
  22 wolves
  5 centaurs (Lair:4)
  13 crocodiles
  3 big kobolds
  Blork the orc (D:4)
  10 bullfrogs
  2 scorpions
  35 killer bees
  2 howler monkeys (D:6)
  A bullfrog zombie (D:5)
  7 crimson imps
  6 orc priests
  4 hounds
  9 orc wizards
  4 jellies
  4 iguanas
  9 worker ants
  A hound zombie (D:9)
  A worker ant zombie (D:8)
  Robin (D:3)
  6 gnolls
  16 adders
  4 shadow imps
  4 oozes
  4 worms
  4 leopard geckos
  20 orcs
  3 giant cockroaches
  12 goblins
  8 hobgoblins
  14 jackals
  5 quokkas
  A ball python (D:4)
  9 bats
  5 frilled lizards
  16 kobolds
  A quokka skeleton (D:5)
  2 quokka zombies
  4 rats
  3 fungi
  5 plants
484 creatures vanquished.

Vanquished Creatures (others)
  An adder skeleton (D:8)
  9 fungi
  5 plants
15 creatures vanquished.

Grand Total: 499 creatures vanquished

Notes
Turn   | Place    | Note
-------+----------+-------------------------------------------
     0 | D:1      | Flugslaktarn the Minotaur Fighter began the quest for the
                  | Orb.
     0 | D:1      | Reached XP level 1. HP: 19/19 MP: 0/0
   186 | D:1      | Reached XP level 2. HP: 27/27 MP: 1/1
   491 | D:1      | Reached skill level 3 in Axes
   534 | D:2      | Reached XP level 3. HP: 16/33 MP: 2/2
   739 | D:2      | Reached XP level 4. HP: 39/40 MP: 3/3
  1337 | D:2      | Reached skill level 4 in Axes
  1655 | D:3      | Noticed Robin
  1659 | D:3      | Reached XP level 5. HP: 42/47 MP: 4/4
  1668 | D:3      | Killed Robin
  2193 | D:3      | Reached skill level 5 in Axes
  2203 | D:3      | Reached XP level 6. HP: 31/55 MP: 5/5
  2204 | D:3      | Reached skill level 5 in Armour
  2342 | D:3      | Reached skill level 5 in Fighting
  2409 | D:4      | Reached skill level 5 in Shields
  2467 | D:4      | Noticed Blork the orc
  2475 | D:4      | Killed Blork the orc
  2502 | D:4      | Noticed a sky beast
  2558 | D:4      | Killed a sky beast
  2558 | D:4      | Reached skill level 6 in Axes
  2558 | D:4      | Reached XP level 7. HP: 8/61 MP: 6/6
  2929 | D:4      | Found a burning altar of Makhleb.
  3016 | D:4      | Became a worshipper of Makhleb the Destroyer
  3157 | D:4      | Found a staircase to the Ecumenical Temple.
  3482 | D:5      | Entered Level 5 of the Dungeon
  3820 | D:5      | Found a shadowy altar of Dithmenos.
  3860 | D:5      | Reached skill level 1 in Invocations
  3889 | D:5      | Reached skill level 7 in Axes
  3889 | D:5      | Reached skill level 1 in Evocations
  4056 | D:5      | Reached XP level 8. HP: 59/70 MP: 7/7
  4264 | D:5      | Noticed a hippogriff
  4270 | D:5      | Killed a hippogriff
  4350 | D:5      | Found a shimmering blue altar of Sif Muna.
  4503 | D:6      | Noticed Grinder
  4521 | D:6      | Killed Grinder
  4521 | D:6      | Reached skill level 8 in Axes
  4723 | D:6      | Found a transporter.
  4726 | D:6      | Noticed a hippogriff
  4736 | D:6      | Killed a hippogriff
  4819 | D:6      | Reached XP level 9. HP: 78/78 MP: 10/10
  4850 | D:6      | Reached * piety under Makhleb
  4902 | D:6      | Found a transporter.
  5194 | D:7      | Found Gapsyrit's Jewellery Shoppe.
  5885 | D:7      | Found a hide-covered altar of Uskayaw.
  5991 | D:8      | Reached skill level 9 in Axes
  6009 | D:8      | Found a white marble altar of Elyvilon.
  6024 | D:8      | Noticed Psyche
  6037 | D:8      | Killed Psyche
  6044 | D:8      | Noticed Maurice
  6045 | D:8      | Noticed Erica
  6232 | D:8      | Killed Erica
  6239 | D:8      | Killed Maurice
  6239 | D:8      | Reached skill level 10 in Axes
  6239 | D:8      | Reached XP level 10. HP: 75/88 MP: 10/12
  6599 | D:7      | Bought an uncursed ring of poison resistance for 260 gold
                  | pieces
  6701 | D:8      | Found a shimmering altar of Xom.
  7223 | D:9      | Reached ** piety under Makhleb
  7256 | D:9      | Found an ancient bone altar of Kikubaaqudgha.
  7740 | D:10     | Entered Level 10 of the Dungeon
  7758 | D:10     | Got a distressingly furry plate armour
  7769 | D:10     | Identified the cursed +0 plate armour of Uskayaw's
                  | Generosity {Dex+4} (You found it on level 10 of the
                  | Dungeon)
  7887 | D:10     | Reached skill level 5 in Invocations
  8036 | D:10     | Noticed Gastronok
  8044 | D:10     | Reached *** piety under Makhleb
  8075 | D:10     | Killed Gastronok
  8075 | D:10     | Reached skill level 11 in Axes
  8075 | D:10     | Reached skill level 5 in Evocations
  8075 | D:10     | Reached XP level 11. HP: 56/95 MP: 12/14
  8696 | D:11     | Found a staircase to the Lair.
  8800 | D:11     | Killed an unseen horror
  8934 | D:11     | Reached skill level 12 in Axes
  9090 | D:11     | Found a runed translucent door.
  9250 | D:11     | Reached **** piety under Makhleb
  9640 | D:11     | Noticed Ihuclug's ghost (journeyman GrFi)
  9720 | Lair:1   | Entered Level 1 of the Lair of Beasts
  9819 | Lair:1   | Reached skill level 10 in Armour
 10056 | Lair:1   | Noticed Grum
 10070 | Lair:1   | Reached skill level 10 in Fighting
 10070 | Lair:1   | Reached skill level 10 in Shields
 10088 | Lair:1   | Killed Grum
 10756 | Lair:2   | Reached skill level 13 in Axes
 10763 | Lair:2   | Reached XP level 12. HP: 79/106 MP: 16/16
 10966 | Lair:2   | Reached ***** piety under Makhleb
 11728 | Lair:2   | Reached skill level 14 in Axes
 11785 | Lair:2   | Found a staircase to the Snake Pit.
 11967 | D:11     | Killed Ihuclug's ghost
 12499 | Lair:3   | Reached XP level 13. HP: 107/116 MP: 18/18
 12711 | Lair:3   | Noticed Rupert
 12721 | Lair:3   | Killed Rupert
 12799 | Lair:3   | Reached ****** piety under Makhleb
 13017 | Lair:4   | Got a heavily runed lapis lazuli ring
 13067 | Lair:4   | Reached skill level 15 in Axes
 13300 | Lair:4   | Found a staircase to the Shoals.
 13837 | Lair:5   | Found a viscous altar of Jiyva.
 13837 | Lair:5   | Found a staircase to the Slime Pits.
 14056 | Lair:5   | Noticed an entropy weaver
 14066 | Lair:5   | Reached skill level 16 in Axes
 14071 | Lair:5   | Reached XP level 14. HP: 121/126 MP: 19/19
 14115 | Lair:5   | Noticed an entropy weaver
 14121 | Lair:5   | Slain by an entropy weaver

Levels and vault maps discovered:
D:1:      nagdon_arrival_zigzag_paths, layout_basic, solitary_fountain
D:2:      layout_basic
D:3:      layout_rooms, first_ration, uniq_robin
D:4:      layout_loops_ring, nicolae_overflow_crystal_walls,
          minmay_temple_entry_fiery, uniq_blork_the_orc
D:5:      layout_gridville, lemuel_blue_sif_altar, grunt_dithmenos_shadows
D:6:      gammafunk_steamed_eel, layout_rooms, uniq_grinder
D:7:      layout_cave_pods, kennysheep_mini, serial_shops,
          nicolae_shop_statue_plus, hangedman_abyss_or_decor_lesser_grid
D:8:      layout_layer_cave, overflow_temple_1_default, old_standard_altar,
          uniq_maurice, uniq_psyche, uniq_erica
D:9:      layout_roguey, kiku_gazebo_pond_becter
D:10:     layout_roguey, uniq_gastronok
D:11:     layout_irregular_city, david_lair_generic, gammafunk_ghost_grave
Lair:1:   layout_small_grid, grunt_megastairs_5, uniq_grum
Lair:2:   regret_index_tunnel_blossom, layout_regular_city,
          minmay_snake_entry_guardpost_small
Lair:3:   layout_misc_corridors, uniq_rupert
Lair:4:   layout_regular_city, minmay_shoals_entry_centaurs,
          minmay_lair_oklob_items, forest_entry_grove
Lair:5:   layout_misc_corridors, slime_altar_1, special_room [special_room_bee],
          zaba_antful_of_joy

Skill      XL: |  1  2  3  4  5  6  7  8  9 10 11 12 13 |
---------------+----------------------------------------+-----
Axes           | 3 4 5 6 7 8 10 11 13 14 16 | 16.1
Shields        | 4 5 6 7 8 10 11 12 | 12.3
Fighting       | 4 5 6 7 8 10 11 12 | 12.3
Armour         | 4 5 6 7 9 10 11 12 | 12.4
Invocations    | 1 2 4 5 6 8 9 |  9.4
Evocations     | 1 2 3 5 |  5.1

Action                   |  1- 3 |  4- 6 |  7- 9 | 10-12 | 13-15 || total
-------------------------+-------+-------+-------+-------+-------++-------
Melee: War axe           |    66 |   156 |   102 |       |       ||   324
       Headbutt          |    14 |    29 |    49 |   248 |    72 ||   412
       Hand axe          |       |       |   112 |   775 |       ||   887
       Broad axe         |       |       |       |    54 |   249 ||   303
Evoke: Wand              |       |       |     3 |       |       ||     3
  Use: Scroll            |     2 |     4 |       |    19 |     5 ||    30
  Eat: Chunk             |       |     5 |     9 |    15 |     6 ||    35
       Ration            |       |       |     1 |     2 |       ||     3
Armor: Scale mail        |     8 |       |       |       |       ||     8
       Chain mail        |    64 |     8 |       |       |       ||    72
       Plate armour      |       |   125 |   111 |   364 |   111 ||   711
Dodge: Dodged            |    37 |    22 |    27 |    91 |    52 ||   229
Block: Shield            |    57 |    27 |       |       |       ||    84
       Large shield      |       |   126 |   162 |   719 |   290 ||  1297
